 Dungeon Crawl Stone Soup version 0.31-a0-4-gefa6de2278 (webtiles) character file.

Game seed: 6625719619728657457

109 Pimp the Trooper (level 4, -1/41 HPs)
             Began as a Hill Orc Fighter on May 4, 2023.
             Slain by a gnoll
             ... wielding a +0 flail
              (7 damage)
             ... on level 2 of the Dungeon.
             The game lasted 00:03:17 (1625 turns).

Pimp the Trooper (Hill Orc Fighter)                 Turns: 1625, Time: 00:03:17

Health: -1/41      AC:  7    Str: 18    XL:     4   Next: 89%
Magic:  4/4        EV:  9    Int: 10    God:
Gold:   91         SH:  4    Dex: 10    Spells: 3/3 levels left

rFire   . . .        a - +0 war axe
rCold   . . .        c - +0 buckler
rNeg    . . .        b - +0 scale mail
rPois   .            (no helmet)
rElec   .            (no cloak)
rCorr   .            (no gloves)
SInv    .            (no boots)
Will    .....        (no amulet) Stlth
                     (no ring)
HPRegen 0.26/turn    (no ring)
MPRegen 0.09/turn

%: no passive effects
@: no status effects
A: no striking features
a: no special abilities


You were on level 2 of the Dungeon.
You visited 1 branch of the dungeon, and saw 3 of its levels.

You collected 91 gold pieces.

Inventory:

Hand Weapons
 a - a +0 war axe (weapon)
Armour
 b - a +0 scale mail (worn)
 c - a +0 buckler (worn)
 k - a +0 kite shield
Jewellery
 j - a ring of ice
 l - an amulet of faith
Wands
 m - a wand of quicksilver (8)
Scrolls
 h - a scroll of enchant armour {unknown}
 i - 3 scrolls of identify {unknown}
Potions
 d - a potion of might
 e - a potion of haste {unknown}
 f - a potion of brilliance {unknown}
 g - a potion of ambrosia {unknown}


   Skills:
 + Level 4.5 Fighting
 + Level 4.0 Axes
 + Level 4.1 Armour
 + Level 4.1 Shields


You had 3 spell levels left.
You didn't know any spells.
Your spell library contained the following spells:

 Spells                   Type           Power      Damage    Failure   Level
 Beastly Appendage        Tmut           0%         N/A       82%         1
 Wereblood                Tmut           0%         N/A       91%         2
 Spider Form              Tmut/Pois      0%         N/A       99%         3


Dungeon Overview and Level Annotations

Branches:
Dungeon (3/15)

Altars:


Message History

The adder bites you. The gnoll attacks as you move away!
You block the gnoll's attack. The gnoll closely misses you.
The adder bites you but does no damage.
You see here a jackal corpse.
Unknown command.
You slash the gnoll!
You kill the gnoll!
The gnoll barely misses you.
Your Axes skill increases to level 4!
You barely miss the gnoll.
The gnoll is severely wounded.
The gnoll hits you with a +0 flail.
* * * LOW HITPOINT WARNING * * *
You closely miss the gnoll.
The gnoll is severely wounded.
The gnoll hits you but does no damage.
You closely miss the gnoll.
The gnoll is severely wounded.
The gnoll misses you. The gnoll hits you with a +0 flail.
* * * LOW HITPOINT WARNING * * *
You closely miss the gnoll.
The gnoll is severely wounded.
The gnoll hits you but does no damage.
You completely miss the gnoll.
The gnoll is heavily wounded.
You block the gnoll's attack.
You hit the gnoll.
The gnoll is severely wounded.
You block the gnoll's attack. x2
You barely miss the gnoll.
The gnoll is severely wounded.
The gnoll hits you with a +0 flail.
* * * LOW HITPOINT WARNING * * *
You closely miss the gnoll.
The gnoll is severely wounded.
The gnoll closely misses you. The gnoll barely misses you.
You barely miss the gnoll.
The gnoll is severely wounded.
The gnoll hits you with a +0 flail!
You die...

#.......####.##...........#
#.......# #.##...........#
#.......# #.########.#####
#######.......# #[# #####.###
..............# #.# #.......###
........####### #.# #..........
........# #.####.......###
##################.#..........#
................@gS)..........#
..............####†...........#
#############.#
#.....####.##### ########.#
#.....# #.#.... #......#.#
#.....# #.#.### #....#.#.#
#.....# #.#.... ######.....)..#
#.....# #.#.... ...........####
#.#.######.#.... ...........#
#.#.#......#....


You could see a gnoll and an adder.

Vanquished Creatures
  Terence (D:2)
  2 gnolls (D:2)
  2 adders (D:2)
  A worm (D:2)
  3 endoplasms
  2 giant cockroaches
  5 goblins
  A hobgoblin (D:2)
  3 jackals (D:2)
  A quokka (D:2)
  3 ball pythons
  6 bats
  5 frilled lizards
  8 kobolds
  2 rats (D:1)
45 creatures vanquished.

Notes
Turn   | Place    | Note
-------+----------+-------------------------------------------
     0 | D:1      | Pimp the Hill Orc Fighter began the quest for the Orb.
     0 | D:1      | Reached XP level 1. HP: 19/19 MP: 1/1
   244 | D:1      | Reached XP level 2. HP: 27/27 MP: 2/2
   755 | D:1      | Reached XP level 3. HP: 33/33 MP: 3/3
   963 | D:2      | Noticed Terence
   973 | D:2      | Killed Terence
  1213 | D:2      | Reached XP level 4. HP: 40/40 MP: 4/4
  1625 | D:2      | Slain by a gnoll

Illustrated notes

Levels and vault maps discovered:
D:1:      moated_graveyard_arrival, layout_loops_ring, minmay_hexomino_f4
D:2:      layout_basic, uniq_terence
D:3:      layout_basic, nicolae_overflow_crystal_walls, minmay_liquid_box

Skill      XL: |  1  2  3  4 |
---------------+-------------+-----
Axes           | 3 4 |  4.0
Fighting       | 4 |  4.5
Shields        | 4 |  4.1
Armour         | 4 |  4.1

Action                     |  1- 3 |  4- 6 || total
---------------------------+-------+-------++-------
  Melee: War axe           |   103 |    48 ||   151
 Armour: Scale mail        |    60 |    34 ||    94
  Dodge: Dodged            |    67 |    37 ||   104
  Block: Buckler           |    33 |    22 ||    55

Table legend: (Time is in decaauts)
 A = Elapsed time spent in this place.
 B = Non-inter-level travel time spent in this place.
 C = Inter-level travel time spent in this place.
 D = Time resting spent in this place.
 E = Time spent auto-exploring this place.
 F = Levels seen in this place.
 G = Mean time per level.
                   A        B        C        D        E       F      G
               +--------+--------+--------+--------+--------+-----+--------+
         Total |   1681 |   1571 |    110 |     81 |   1079 |   3 |  560.3 |
       Dungeon |   1681 |   1571 |    110 |     81 |   1079 |   3 |  560.3 |
               +--------+--------+--------+--------+--------+-----+--------+

Top non-repeatable levels by time:
     D:2: 857 daAuts
     D:1: 816 daAuts
     D:3: 7 daAuts
